Match 46773572
Unlisted

Match 46773572
End
Selects Australian Defense Battlegroup
Selects Australian Light Infantry Section
Australian Light Infantry Section
Construct Section Command Post
Infantry Section
Selects 2-pounder Anti-tank Gun Team
Australian Light Infantry Section
Construct Platoon Command Post
Unlock M3 Stuart Light Tanks
M3 Stuart Light Tank
CMP 15cwt Truck
Australian Light Infantry Section
M3 Stuart Light Tank
Forward Retreat Point
M3 Stuart Light Tank
Selects CMP 15cwt Supply Run
Selects Reinforced Resource Caches
Grenade Package
Selects Charged Creeping Barrage
Construct Company Command Post
Unlock M3 Grant Medium Tanks
Charged Creeping Barrage
Foot Guards Section
Selects Vehicle Over Repair
Wyl
JVM
Jam Sandwich
g.balentine
Tobias
Nectarie le Cochon
ManFrau
Voodoo408
0
0

Comments sign in to comment!

No comments posted yet!